AoeStats
← JeanC

Lombardia

510176852Analyzed
4v4 RM · 2d ago on Sep 29, 2026· 63m 48s· 8 players
Game mode
Random Map
Map size
Large (8 player)
Population
200
Speed
Normal
Resources
Standard
Victory
Conquest
Starting age
Dark Age
Ending age
Imperial Age
RankedLock teamsTeams togetherTeam positionsShared explorationLock speedFull tech treeHidden civsTurbo modeCheats
Victory
Defeat
🇮🇳 Inca · India
1083
+15
🇫🇷 Poles · France
1077
+15
🇩🇪 Khmer · Germany
1066
+15
🇮🇳 Persians · India
943
+26
🇧🇷 Koreans · Brazil
1098
-18
🇭🇺 Franks · Hungary
1034
-16
🇩🇪 Bulgarians · Germany
1034
-16
🇨🇴 Wu · Colombia
1030
-16
iCrasher
5:25 Loom
11:25 Feudal Age
13:16 Horse Collar
13:24 Double-Bit Axe
14:24 Wheelbarrow
16:53 Stone Mining
19:43 Castle Age
17:36 Gold Mining
22:20 Gold Shaft Mining
23:21 Gambesons
24:20 Squires
25:22 Hand Cart
26:26 Heavy Plow
26:21 Town Watch
28:23 Bow Saw
30:17 Stone Shaft Mining
30:04 Bloodlines
29:27 Light Cavalry
30:35 Husbandry
35:27 Imperial Age
33:22 Heavy Plow
33:46 Stirrups
34:01 Scale Barding Armor
35:58 Elite Konnik
36:11 Elite Konnik
37:15 Conscription
37:49 Bagains
38:05 Forging
38:16 Chain Barding Armor
38:00 Scale Mail Armor
41:29 Caravan
44:09 Pikeman
45:31 Halberdier
Juanes
9:32 Feudal Age
10:17 Double-Bit Axe
13:58 Horse Collar
19:35 Castle Age
18:28 Man-at-Arms
22:11 Bow Saw
24:31 Wheelbarrow
23:40 Long Swordsman
24:17 Loom
25:26 Heavy Plow
27:00 Gold Mining
28:14 Hand Cart
30:30 Gold Shaft Mining
33:05 Imperial Age
31:56 Forging
31:47 Scale Mail Armor
31:48 Padded Archer Armor
31:38 Fletching
31:51 Squires
31:52 Stone Mining
34:00 Iron Casting
34:53 Two-Man Saw
34:43 Stone Shaft Mining
34:09 Elite Fire Archer
36:10 Blast Furnace
35:42 Conscription
36:32 Caravan
37:53 Red Cliffs Tactics
37:53 Two-Handed Swordsman
38:50 Chain Mail Armor
38:52 Leather Archer Armor
38:33 Bodkin Arrow
38:43 Pikeman
39:10 Arson
39:51 Halberdier
44:29 Champion
44:31 Heavy Hei Guang Cavalry
45:22 Bloodlines
45:13 Husbandry
45:17 Bracer
45:23 Scale Barding Armor
GuZ
10:06 Loom
12:29 Feudal Age
14:27 Double-Bit Axe
18:23 Castle Age
16:37 Scale Barding Armor
16:28 Gold Mining
17:31 Stone Mining
20:29 Wheelbarrow
25:02 Chain Barding Armor
28:23 Town Watch
28:54 Hand Cart
30:26 Ordonnance Companies
31:36 Fortified Wall
33:05 Fletching
33:53 Bodkin Arrow
35:19 Bow Saw
35:21 Caravan
35:52 Coinage
38:42 Imperial Age
36:24 Padded Archer Armor
36:28 Husbandry
38:44 Forging
38:51 Leather Archer Armor
39:08 Town Patrol
39:04 Cavalier
39:06 Heavy Mounted Crossbowman
39:07 Cranequins
40:12 Conscription
40:52 Ballistics
42:02 Plate Barding Armor
42:30 Chemistry
41:37 Siege Engineers
42:57 Hoardings
44:10 Iron Casting
43:02 Paladin
44:45 Squires
44:52 Chivalry
50:10 Sanctity
Luigi
5:34 Loom
11:00 Feudal Age
17:14 Castle Age
15:51 Double-Bit Axe
15:57 Horse Collar
16:54 Gold Mining
18:35 Crossbowman
20:51 Fletching
24:20 Bodkin Arrow
25:17 Wheelbarrow
25:32 Bow Saw
28:29 Heavy Plow
29:44 Thumb Ring
32:38 Imperial Age
31:30 Ballistics
32:09 Gold Shaft Mining
32:49 Caravan
32:46 Arbalester
34:29 Chemistry
34:08 Conscription
34:58 Two-Man Saw
34:27 Bracer
36:18 Hand Cart
37:40 Elite War Wagon
39:29 Pikeman
40:09 Squires
41:12 Halberdier
43:11 Scale Mail Armor
43:21 Forging
46:12 Chain Mail Armor
46:33 Iron Casting
47:36 Fortified Wall
50:20 Plate Mail Armor
Melkro
10:57 Feudal Age
11:23 Double-Bit Axe
18:21 Castle Age
16:33 Horse Collar
17:48 Bloodlines
17:33 Stone Mining
19:22 Gold Mining
21:43 Wheelbarrow
21:48 Forging
21:56 Bow Saw
24:42 Husbandry
30:13 Imperial Age
28:55 Hand Cart
29:34 Szlachta Privileges
29:43 Scale Barding Armor
30:25 Cavalier
31:44 Conscription
33:03 Heavy Plow
33:39 Loom
34:44 Crop Rotation
35:14 Iron Casting
35:00 Chain Barding Armor
39:06 Blast Furnace
38:36 Caravan
46:47 Capped Ram
47:52 Siege Ram
49:54 Chemistry
JeanC
1:47 Loom
11:46 Feudal Age
12:35 Double-Bit Axe
12:47 Gold Mining
13:17 Horse Collar
19:54 Castle Age
19:03 Bloodlines
19:40 Forging
20:07 Scale Barding Armor
21:12 Husbandry
23:13 Gold Shaft Mining
25:43 Wheelbarrow
25:43 Heavy Plow
26:20 Town Watch
27:17 Iron Casting
27:28 Town Patrol
33:16 Imperial Age
32:06 Caravan
32:37 Coinage
34:00 Bow Saw
35:49 Blast Furnace
34:46 Stone Mining
36:15 Chain Barding Armor
36:55 Elite Battle Elephant
38:06 Fletching
39:36 Banking
44:25 Hand Cart
46:59 Elite Ballista Elephant
48:28 Double Crossbow
57:07 Tusk Swords
57:44 Capped Ram
58:59 Siege Ram
Mogami
3:17 Loom
11:54 Feudal Age
16:16 Castle Age
14:49 Horse Collar
14:59 Double-Bit Axe
18:13 Bow Saw
22:41 Gold Mining
23:42 Wheelbarrow
24:42 Hand Cart
25:26 Stone Mining
26:05 Town Watch
28:11 Husbandry
28:21 Bloodlines
30:17 Scale Barding Armor
30:22 Forging
31:08 Gold Shaft Mining
33:31 Imperial Age
31:32 Chain Barding Armor
32:40 Iron Casting
34:08 Masonry
33:27 Cavalier
35:40 Plate Barding Armor
36:05 Blast Furnace
36:01 Stone Shaft Mining
36:19 Conscription
35:22 Savar
36:14 Caravan
37:42 Fletching
38:58 Chemistry
38:44 Ballistics
41:00 Light Cavalry
43:42 Architecture
43:08 Murder Holes
43:56 Hussar
45:53 Bodkin Arrow
50:52 Kamandaran
51:03 Padded Archer Armor
53:37 Leather Archer Armor
53:29 Crossbowman
54:19 Thumb Ring
57:39 Ring Archer Armor
59:52 Heavy Camel Rider
MrPR77660
10:45 Feudal Age
11:21 Loom
11:24 Double-Bit Axe
11:23 Horse Collar
12:54 Gold Mining
12:40 Champi Runner
13:35 Scale Mail Armor
13:47 Forging
13:56 Champi Runner
21:33 Castle Age
21:11 Wheelbarrow
22:38 Town Watch
23:05 Bow Saw
22:56 Heavy Plow
22:50 Stone Mining
23:09 Squires
22:29 Pikeman
31:32 Hand Cart
32:20 Town Patrol
33:31 Gold Shaft Mining
33:33 Stone Shaft Mining
39:25 Imperial Age
37:16 Chain Mail Armor
38:48 Champi Warrior
39:14 Arson
40:41 Plate Mail Armor
40:47 Iron Casting
39:38 Halberdier
39:47 Elite Champi Warrior
40:41 Fletching
42:39 Conscription
43:00 Fabric Shields
44:29 Hoardings
44:21 Ballistics
44:13 Masonry
43:44 Treadmill Crane
46:17 Blast Furnace
45:13 Bodkin Arrow
49:53 Bracer
52:25 Padded Archer Armor
52:28 Crossbowman
54:37 Thumb Ring
53:52 Arbalester
54:48 Leather Archer Armor
55:39 Chemistry
56:43 Ring Archer Armor
58:04 Elite Kamayuk
Connection lost

Rejoining the realm…

Still unreachable

The connection could not be restored.

Session expired

The server has moved on; the page needs a fresh start.